[Event "26th Chicago Open"]
[Site "Wheeling, IL"]
[Date "2017.05.27"]
[Round "4.10"]
[White "Macieja, Bartlomiej"]
[Black "Larson, Matthew"]
[Result "0-1"]
[ECO "A30"]
[WhiteElo "2530"]
[BlackElo "2367"]
[Annotator "Hater,David"]
[PlyCount "114"]
[EventDate "2017.05.??"]
[EventType "swiss"]
[EventRounds "9"]
[EventCountry "USA"]
[TimeControl "40/2:0"]

1. c4 c5 2. Nf3 Nc6 3. d4 cxd4 4. Nxd4 Qb6 5. Nb3 e6 6. Nc3 Bb4 7. Bd2 Nf6 8.
e3 O-O 9. Be2 d5 10. cxd5 exd5 11. O-O Qd8 12. Nb5 Be7 13. Bc3 Re8 14. Rc1 Ne4
15. Bf3 a6 16. N5d4 Bd6 17. Ne2 Ne5 18. Nf4 Nxf3+ 19. Qxf3 Qg5 20. h3 Qh6 21.
Rfd1 Be6 22. Nxd5 Ng5 23. Qe2 Bxh3 24. f4 Be6 25. Nf6+ gxf6 26. Rxd6 Ne4 27.
Rd4 Qh1+ 28. Kxh1 Ng3+ 29. Kg1 Nxe2+ 30. Kf2 Nxc1 31. Nxc1 Rac8 32. a3 Red8 33.
Ne2 Bg4 34. Ng3 Rxd4 35. exd4 f5 36. Nf1 Kf8 37. Ne3 Ke7 38. d5 Kd7 39. Ke1 b5
40. Kd2 h5 41. Bf6 Re8 42. Be5 h4 43. Kd3 Rc8 44. Bf6 h3 45. gxh3 Bxh3 46. Ke2
Bg4+ 47. Kf2 Rc1 48. Kg2 Re1 49. Bd4 Re2+ 50. Kg3 Rd2 51. Bc3 Re2 52. Bd4 Ke8
53. Kh4 Rd2 54. Be5 Rd3 55. Nc2 f6 56. Bxf6 Kf7 57. Kg5 Rh3 0-1

[Event "26th Chicago Open"]
[Site "Wheeling, IL"]
[Date "2017.05.28"]
[Round "6.7"]
[White "Larson, Matthew"]
[Black "Popilski, Gil"]
[Result "0-1"]
[ECO "D85"]
[WhiteElo "2367"]
[BlackElo "2544"]
[Annotator "Hater,David"]
[PlyCount "62"]
[EventDate "2017.05.??"]
[EventType "swiss"]
[EventRounds "9"]
[EventCountry "USA"]
[TimeControl "40/2:0"]

1. d4 Nf6 2. c4 g6 3. Nc3 d5 4. Nf3 Bg7 5. cxd5 Nxd5 6. e4 Nxc3 7. bxc3 c5 8.
Rb1 O-O 9. Be2 b6 10. O-O Bb7 11. d5 Bxc3 12. Bc4 Nd7 13. Bf4 Bg7 14. e5 b5 15.
Bxb5 Nb6 16. d6 exd6 17. Qxd6 Qc8 18. Rbc1 c4 19. Rfd1 Rd8 20. Qxd8+ Qxd8 21.
Rxd8+ Rxd8 22. h3 a6 23. Bxc4 Bxf3 24. gxf3 Rd4 25. e6 Kf8 26. Bb3 Rxf4 27. Rc6
Bd4 28. exf7 Rxf3 29. Re6 Rxf7 30. Rd6 Bxf2+ 31. Kg2 Rf4 0-1

[Event "26th Chicago Open"]
[Site "Wheeling, IL"]
[Date "2017.05.28"]
[Round "7.21"]
[White "Li, Ben"]
[Black "Larson, Matthew"]
[Result "0-1"]
[ECO "A57"]
[WhiteElo "2263"]
[BlackElo "2367"]
[Annotator "Hater,David"]
[PlyCount "66"]
[EventDate "2017.05.??"]
[EventType "swiss"]
[EventRounds "9"]
[EventCountry "USA"]
[TimeControl "40/2:0"]

1. d4 Nf6 2. c4 c5 3. d5 b5 4. cxb5 a6 5. e3 axb5 6. Bxb5 Qa5+ 7. Nc3 Bb7 8.
Bd2 Qb6 9. Nf3 Nxd5 10. O-O e6 11. a4 Be7 12. a5 Qc7 13. Nxd5 Bxd5 14. Bc3 O-O
15. Qe2 f5 16. Nd2 Bc6 17. Bxc6 Nxc6 18. Nc4 d5 19. Nb6 Rab8 20. Rfd1 Kh8 21.
Rac1 Bd6 22. h3 f4 23. e4 f3 24. gxf3 Qf7 25. Qf1 d4 26. Nc4 Bc7 27. Be1 Qh5
28. Ra1 Rxf3 29. Rd3 Qg5+ 30. Kh1 Qf4 31. e5 Nxe5 32. Nxe5 Bxe5 33. Kg2 Rf8 0-1

[Event "26th Chicago Open"]
[Site "Wheeling, IL"]
[Date "2017.05.29"]
[Round "8.9"]
[White "Larson, Matthew"]
[Black "Stukopin, Andrey"]
[Result "0-1"]
[ECO "E27"]
[WhiteElo "2367"]
[BlackElo "2586"]
[Annotator "Hater,David"]
[PlyCount "74"]
[EventDate "2017.05.??"]
[EventType "swiss"]
[EventRounds "9"]
[EventCountry "USA"]
[TimeControl "40/2:0"]

1. d4 Nf6 2. c4 e6 3. Nc3 Bb4 4. f3 O-O 5. a3 Bxc3+ 6. bxc3 Nh5 7. Nh3 f5 8.
Bg5 Qe8 9. g4 fxg4 10. fxg4 Nf6 11. Bxf6 Rxf6 12. Bg2 Nc6 13. Qd3 d6 14. Be4 h6
15. g5 hxg5 16. Nxg5 Qh5 17. h4 Bd7 18. O-O-O Qh6 19. Kb1 Ne7 20. Rdg1 Nf5 21.
Ka1 c6 22. Bf3 d5 23. e4 Ne7 24. Bg4 Raf8 25. Qh3 dxe4 26. Nxe4 Rf4 27. Nc5 Rf2
28. Bxe6+ Kh8 29. Qg4 R8f3 30. Bxd7 Rxc3 31. Kb1 Rb2+ 32. Kxb2 Qd2+ 33. Ka1
Rxa3+ 34. Kb1 Qb4+ 35. Kc2 Qc3+ 36. Kd1 Ra1+ 37. Ke2 Ra2+ 0-1